Ben, chaotic male elven Wizard ----------- ------------ |..........###################### |)+`))?[!!.| ##......>...| --------# ------ |!)!*=!?()@| # |.........| |..}...|# |.<..| |.).[)=..%d-######### ----------- |.......## .....| |%![(!/???@| ----.---# |..).| |.???%%%[%.| # ----.- |[!)?%+%=(.| # # ------------ # # ### ### # ###0## ### ------.-|-- # |.........| ####..........| |.........| ---.------- # Ben the Conjurer Experience level: 5 Strength: 9 Dexterity: 14 Constitution: 16 Intelligence: 19 Wisdom: 11 Charisma: 10 Health: 0(41) Energy: 40(48) AC: 9 Gold: 0 Moves: 1553 Your Inventory: Amulets z - an [uncursed] octagonal amulet [of magical breathing] Weapons a - a blessed +1 quarterstaff (weapon in hands) Armor b - an uncursed +0 cloak of magic resistance (being worn) o - a cursed -1 leather jacket Comestibles C - an [uncursed] tripe ration Scrolls i - an uncursed scroll of teleportation k - an uncursed scroll of punishment Spellbooks l - a blessed spellbook of force bolt m - an uncursed spellbook of light u - an [uncursed] spellbook of sleep Potions f - 2 uncursed potions of water g - an uncursed potion of speed h - an uncursed potion of see invisible q - an [uncursed] milky potion [of restore ability] Rings d - a blessed +1 ring of gain dexterity e - an uncursed +1 ring of gain wisdom (on left hand) r - a blessed +2 ring of adornment (on right hand) v - an uncursed ring of protection from shape changers Wands c - an uncursed wand of striking (0:5) Tools n - an uncursed wooden flute Gems A - an [uncursed] black gem [worthless glass] B - an [uncursed] worthless piece of violet glass Spells known in the end: Name Level Category Fail Memory a - force bolt 1 attack 0% [||||||||] b - light 1 divination 0% [||||||||] c - sleep 1 enchantment 0% [||||||||] Your skills at the end: Fighting Skills Weapon Skills quarterstaff [Basic / Expert] Spellcasting Skills attack spells [Basic / Expert] enchantment spells [Basic / Skilled] Final Attributes: You were devoutly aligned. Hunger level was 244. Your alignment was 17 / 17. Monster difficulty range was 0 - 4. Level difficulty was 4. You were immune to sleep. You were magic-protected. You saw invisible. You had infravision. You were adorned. Your luck was zero. You are dead. Vanquished creatures: a water nymph a fog cloud a giant ant a kitten 2 rothes an acid blob a hobbit 3 giant rats 2 yellow molds a green mold a red mold 2 geckos 5 jackals a kobold a sewer rat 3 grid bugs 4 lichens 2 newts 33 creatures vanquished. Voluntary challenges: You were an atheist. You used a wielded weapon 38 times. You read items or engraved 4 times. You put on armor 1 time. You never genocided any monsters. You never polymorphed an object. You never changed form. You used no wishes. You never wrote Elbereth's name. You never encountered a bones level. You never used any Sokoban shortcuts. Dungeon overview: The Dungeons of Doom: levels 1 to 4 Level 1 an altar a long staircase Level 2 a sink Level 3 a fountain Level 4 <- You were here a general store History has recorded: On T:1 you entered the Dungeons of Doom to retrieve the Amulet of Yendor! On T:241 you advanced to experience level 2. On T:469 you reached level 2 of The Dungeons of Doom. On T:507 you advanced to experience level 3. On T:760 you advanced to experience level 4. On T:909 you reached level 3 of The Dungeons of Doom. On T:1371 you reached level 4 of The Dungeons of Doom. On T:1417 you advanced to experience level 5. Latest messages: A potion of see invisible shatters! You owe Wonotobo 66 zorkmids for it! An emerald potion shatters! You owe Wonotobo 88 zorkmids for it! An effervescent potion shatters! You owe Wonotobo 266 zorkmids for it! Splat! You owe Wonotobo 12 zorkmids for it! The giant ant bites! The little dog bites! The giant ant bites! The little dog bites! [HP-12=7] The spell hits the giant ant! You kill the giant ant! The little dog bites! [HP-6=1] The little dog bites! You die... Wonotobo comes and takes all your possessions. Final status: Goodbye Ben the Wizard... You died in The Dungeons of Doom on dungeon level 4 with 976 points, and 0 pieces of gold, after 1553 moves. You were level 5 with a maximum of 41 hit points when you died.